 Dungeon Crawl Stone Soup version 0.24.0-123-gd5b16e6ec5 (webtiles) character file.

Game seed: 18383147308769383678, levelgen mode: deterministic

134 mopl the Sneak (level 4, -2/27 HPs)
             Began as a Vampire Assassin on Feb 1, 2020.
             Killed from afar by an orc wizard (5 damage)
             ... with a magic dart
             ... on level 4 of the Dungeon.
             The game lasted 00:03:11 (2198 turns).

mopl the Sneak (Vampire Assassin)                   Turns: 2198, Time: 00:03:12

Health: -2/27      AC:  4    Str: 10    XL:     4   Next: 95%
Magic:  4/4        EV: 12    Int: 13    God:
Gold:   74         SH:  0    Dex: 16    Spells: 3/3 levels left

rFire    . . .     SeeInvis +   a - +2 dagger
rCold    + + .     Gourm    .   (no shield)
rNeg     + + +     Faith    .   b - +0 robe
rPois    ∞         Spirit   .   (no helmet)
rElec    .         Reflect  .   c - +0 cloak
rCorr    .         Harm     .   (no gloves)
MR       .....                  r - +0 pair of boots
Stlth    ++++++....             (no amulet)
HPRegen  0.00/turn              (no ring)
MPRegen  0.09/turn              (no ring)

@: bloodless
A: no food, fangs 3, see invisible, unbreathing
a: Bat Form, Revivify


You were on level 4 of the Dungeon.
You were bloodless.

You visited 1 branch of the dungeon, and saw 4 of its levels.

You collected 74 gold pieces.

Inventory:

Hand Weapons
 a - a +2 dagger (weapon)
 u - a +0 hunting sling
Missiles
 d - 8 poisoned darts (quivered)
 e - 2 curare-tipped darts
 v - 78 stones
 w - 12 sling bullets
Armour
 b - a +0 robe (worn)
 c - a +0 cloak (worn)
 r - a +0 pair of boots (worn)
Jewellery
 x - a +5 ring of protection {unknown}
Scrolls
 i - a scroll of teleportation {unknown}
 l - a scroll of remove curse {unknown}
 o - 3 scrolls of identify {unknown}
 s - a scroll of noise {unknown}
Potions
 f - a potion of cancellation {unknown}
 g - a potion of degeneration {unknown}
 h - a potion of ambrosia {unknown}
 j - a potion of brilliance {unknown}
 k - 4 potions of might {unknown}
 m - a potion of haste {unknown}
 n - 2 potions of agility {unknown}
 p - a potion of heal wounds {unknown}
 q - a potion of magic {unknown}
 t - a potion of lignification {unknown}


   Skills:
 + Level 2.8 Fighting
 + Level 3.3 Short Blades
 + Level 2.5 Throwing
 - Level 1.1 Dodging
 + Level 7.0 Stealth


You had 3 spell levels left.
You didn't know any spells.
Your spell library was empty.

Dungeon Overview and Level Annotations

Branches:
Dungeon (4/15)
 Temple: D:4-7

Altars:
Cheibriados

Shops:
D:4 **


Innate Abilities, Weirdness & Mutations

You do not eat.
You do not regenerate when monsters are visible.
You are frail without blood (-20% HP).
You can heal yourself when you bite living creatures.
You are immune to poison.
You have razor-sharp teeth.
You have supernaturally acute eyesight. (SInv)
You can survive without breathing.


Message History

The orc wizard barely misses you.
You hit the orc wizard but do no damage.
The orc wizard is moderately wounded.
The orc wizard gestures at you while chanting.
The magic dart hits you.
The orc wizard hits you but does no damage.
You hit the orc wizard.
The orc wizard is moderately wounded.
The orc wizard closely misses you.
You hit the orc wizard but do no damage.
The orc wizard is moderately wounded.
The orc wizard hits you with a +1 dagger of speed.
The orc wizard gestures at you while chanting.
The puff of flame hits you!
* * * LOW HITPOINT WARNING * * *
You hit the orc wizard.
The orc wizard is heavily wounded.
The orc wizard points at you and mumbles some strange words.
The magic dart hits you.
You die... ######### #<.@oo..# #######.#

You could see an orc wizard and an orc.

Vanquished Creatures
  4 gnolls
  5 adders
  A worm (D:2)
  A leopard gecko (D:3)
  2 giant cockroaches
  10 goblins
  2 hobgoblins
  7 jackals
  2 quokkas
  2 ball pythons
  A bat (D:2)
  3 frilled lizards
  5 kobolds
  5 rats
50 creatures vanquished.

Notes
Turn   | Place    | Note
-------+----------+-------------------------------------------
     0 | D:1      | mopl the Vampire Assassin began the quest for the Orb.
     0 | D:1      | Reached XP level 1. HP: 16/16 MP: 1/1
   285 | D:1      | Reached skill level 6 in Stealth
   359 | D:1      | Reached XP level 2. HP: 20/22 MP: 2/2
   547 | D:2      | Found a snail-covered altar of Cheibriados.
   686 | D:2      | Reached XP level 3. HP: 13/27 MP: 3/3
   849 | D:2      | Reached XP level 4. HP: 24/34 MP: 4/4
  1826 | D:3      | Reached skill level 7 in Stealth
  1936 | D:4      | Found Uhoom's Assorted Antiques.
  1950 | D:4      | Found Huemom's General Store.
  1956 | D:4      | Noticed a phantom
  1982 | D:4      | Noticed an ice beast
  2198 | D:4      | Killed from afar by an orc wizard

Levels and vault maps discovered:
D:1:      eino_arrival_water_cross, layout_basic
D:2:      layout_basic, cheibriados_altar_1
D:3:      layout_loops_ring
D:4:      layout_basic, nicolae_overflow_crystal_walls, first_ration,
          serial_shops, shop, shop_statue, shop, kennysheep_mini_moat,
          nicolae_shop_behind_doors, elyvilon_altar_1, uniq_crazy_yiuf_cottage,
          uniq_natasha, uniq_grinder

Skill      XL: |  1  2  3  4 |
---------------+-------------+-----
Stealth        | 6 7 |  7.0
Fighting       | 2 |  2.8
Throwing       | 2 |  2.5
Short Blades   | 3 |  3.3
Dodging        | |  1.1

Action                   |  1- 3 |  4- 6 || total
-------------------------+-------+-------++-------
Melee: Dagger            |    72 |    80 ||   152
       Bite              |     6 |     9 ||    15
Throw: Dart              |     2 |       ||     2
 Abil: Exsanguinate      |       |     1 ||     1
 Stab: Sleeping          |     9 |     8 ||    17
       Distracted        |       |     1 ||     1
Armor: Robe              |    11 |    28 ||    39
Dodge: Dodged            |    27 |    26 ||    53
